Map: Para Site LE

Players

RotterdaM

  • Race: Protoss Protoss
  • League: Grandmaster
  • Spawn Location: 5:00

Lambo - Winner!

  • Race: Zerg Zerg
  • League: Grandmaster
  • Spawn Location: 11:00

VOD

Have the link to the VOD?

Description

Time

  • Played on: Jan. 7, 2019, 8:26 a.m.
  • Length: 9:57
Show
View Real Time Build Order
Export as new Build Order

RotterdaM Protoss 

Build Orders: Nexus First 

Get SALT Encoding   

  12  0:00  Probe  
  13  0:12  Probe  
  14  0:18  Pylon  
  14  0:25  Probe  
  15  0:33  Probe  
  15  0:41  Probe  
  17  0:51  Probe  
  18  1:04  Nexus  
  18  1:13  Probe  
  18  1:14  Gateway  
  19  1:21  Probe  
  19  1:25  Assimilator  
  19  1:31  Probe, Assimilator  
  21  1:41  Pylon  
  21  1:43  Probe  
  22  1:55  Probe  
  23  2:01  Cybernetics Core  
  23  2:03  Probe, Zealot  
  26  2:11  Probe  
  26  2:13  Probe  
  27  2:21  Probe, Warp Gate  
  27  2:22  Probe  
  30  2:32  Probe  
  30  2:34  Probe  
  32  2:38  Twilight Council  
  32  2:44  Probe, Adept  
  32  2:48  Probe  
  36  2:56  Probe, Pylon  
  37  3:00  Probe  
  37  3:04  Resonating Glaives  
  38  3:08  Probe  
  38  3:11  Adept  
  38  3:12  Probe  
  42  3:20  Probe  
  42  3:24  Gateway, Probe  
  42  3:25  Gateway  
  44  3:32  Probe  
  45  3:37  Probe  
  45  3:38  Adept  
  48  3:43  Pylon  
  48  3:45  Probe  
  49  3:49  Probe  
  50  3:57  Probe  
  50  3:59  Nexus  
  50  4:01  Pylon  
  50  4:02  Probe  
  52  4:09  Probe  
  53  4:12  Assimilator  
  53  4:15  Probe  
  53  4:16  Assimilator  
  50  4:21  Probe  
  50  4:22  Adept  
  50  4:23  Adept x2  
  57  4:28  Probe  
  57  4:29  Stargate  
  57  4:31  Stargate  
  58  4:35  Dark Shrine  
  58  4:36  Probe  
  59  4:40  Probe  
  59  4:43  Adept  
  59  4:45  Adept  
  64  4:47  Adept  
  64  4:49  Probe  
  67  4:57  Forge  
  67  5:02  Pylon  
  67  5:06  Pylon  
  67  5:10  Pylon  
  66  5:15  Phoenix x2  
  68  5:32  Phoenix x2  
  60  5:49  Photon Cannon  
  60  5:53  Adept  
  60  5:54  Adept, Phoenix  
  60  5:55  Charge, Gateway, Phoenix  
  68  6:04  Dark Templar  
  70  6:17  Dark Templar, Pylon  
  72  6:19  Pylon  
  72  6:25  Phoenix  
  74  6:37  Gateway  
  74  6:38  Gateway  
  74  6:39  Phoenix  
  76  6:40  Gateway  
  76  6:42  Gateway, Pylon  
  76  6:45  Pylon  
  76  6:48  Adept x2  
  76  6:50  Phoenix  
  76  6:51  Adept  
  76  6:53  Probe  
  85  6:55  Probe  
  86  7:09  Nexus  
  86  7:12  Pylon  
  86  7:21  Gateway  
  86  7:23  Phoenix  
  86  7:24  Phoenix  
  88  7:37  Zealot x2  
  92  7:45  Zealot x2  
  92  7:46  Protoss Ground Weapons Level 1, Zealot  
  92  7:48  Phoenix  
  92  7:49  Pylon  
  100  8:01  Phoenix  
  102  8:06  Fleet Beacon  
  102  8:12  Dark Templar  
  104  8:17  Zealot  
  101  8:30  Probe x2  
  101  8:31  Probe  
  104  8:35  Archon  
  104  8:37  Dark Templar  
  106  8:42  Probe x2  
  106  8:43  Probe, Phoenix  
  111  8:51  Archon  
  111  8:52  Zealot x2  
  115  8:59  Zealot x2  
  119  9:10  Dark Templar x2  
  119  9:11  Dark Templar  
  119  9:14  Archon  
  119  9:16  Zealot x2  
  129  9:18  Zealot  
  129  9:23  Phoenix  
  133  9:30  Zealot x3  
Show
View Real Time Build Order
Export as new Build Order

Lambo Zerg - Winner!

Build Orders: Hatch First, Roach Hydra 

Get SALT Encoding   

  12  0:01  Drone  
  13  0:13  Overlord  
  13  0:18  Drone  
  14  0:34  Drone x2  
  16  0:48  Hatchery  
  15  0:51  Drone  
  15  0:55  Drone  
  17  0:58  Drone  
  18  1:09  Extractor  
  17  1:13  Spawning Pool  
  17  1:16  Drone  
  17  1:22  Drone  
  18  1:31  Drone  
  19  1:41  Drone  
  20  1:51  Drone  
  21  2:00  Queen x2  
  21  2:01  Zergling x2  
  26  2:02  Overlord  
  26  2:12  Drone x2, Metabolic Boost  
  28  2:23  Drone x2  
  30  2:33  Hatchery  
  30  2:37  Drone  
  30  2:42  Drone  
  30  2:44  Drone  
  32  2:45  Overlord  
  32  2:58  Drone x2  
  34  3:05  Drone  
  35  3:06  Queen  
  35  3:08  Drone x2  
  35  3:09  Drone x3  
  42  3:17  Overlord  
  42  3:18  Overlord  
  42  3:19  Drone x2  
  44  3:37  Zergling x4  
  44  3:40  Zergling x2  
  44  3:41  Lair, Zergling x6  
  50  3:44  Queen, Drone  
  53  3:50  Drone  
  53  3:51  Roach Warren  
  53  3:52  Drone  
  53  3:54  Extractor  
  53  3:55  Extractor  
  53  4:00  Zergling x2  
  53  4:01  Drone x2  
  55  4:05  Overlord  
  55  4:08  Drone  
  55  4:10  Drone  
  55  4:11  Drone x2  
  55  4:12  Drone  
  55  4:15  Drone x3  
  62  4:23  Drone x2  
  64  4:24  Drone  
  64  4:28  Drone x2  
  67  4:37  Overlord  
  67  4:41  Roach x2  
  67  4:45  Glial Reconstitution, Drone  
  72  4:48  Overseer  
  72  4:49  Roach  
  72  4:50  Overlord x2  
  72  4:51  Overlord  
  74  4:53  Overlord, Extractor  
  72  5:00  Roach x3  
  72  5:01  Roach  
  72  5:06  Overlord  
  80  5:09  Roach x4  
  88  5:15  Roach x3  
  94  5:21  Roach x2  
  94  5:31  Roach  
  94  5:34  Drone  
  94  5:35  Drone x5  
  99  5:38  Drone  
  99  5:40  Drone  
  97  5:43  Drone  
  98  5:52  Drone x4  
  98  5:54  Spore Crawler  
  98  5:55  Spore Crawler  
  98  5:56  Spore Crawler  
  99  6:00  Spore Crawler, Overseer  
  99  6:02  Drone x2  
  100  6:08  Spore Crawler, Drone x2  
  100  6:09  Drone  
  100  6:10  Spore Crawler  
  101  6:12  Spore Crawler  
  101  6:13  Drone x2  
  102  6:19  Spore Crawler x2, Drone  
  102  6:21  Drone  
  102  6:22  Drone x2  
  102  6:23  Drone  
  105  6:27  Drone x3  
  105  6:30  Drone x2  
  105  6:32  Extractor  
  109  6:34  Hydralisk Den  
  109  6:36  Evolution Chamber  
  109  6:39  Drone x3  
  110  6:41  Extractor  
  110  6:42  Drone  
  110  6:43  Drone  
  111  6:48  Spore Crawler x2, Drone  
  111  6:51  Drone x3  
  113  6:56  Drone  
  113  6:59  Overlord  
  113  7:03  Grooved Spines  
  113  7:06  Overlord  
  113  7:12  Overlord  
  113  7:17  Overlord  
  112  7:23  Hydralisk x5  
  112  7:26  Zerg Missile Weapons Level 1  
  112  7:28  Drone x3  
  124  7:31  Hydralisk x4  
  130  7:37  Hydralisk x3  
  136  7:44  Roach x3  
  136  7:45  Roach  
  144  7:53  Overlord  
  144  8:00  Overlord  
  144  8:01  Overlord  
  144  8:02  Overlord  
  144  8:05  Pneumatized Carapace  
  144  8:06  Overlord  
  144  8:11  Queen  
  146  8:15  Muscular Augments  
  142  8:20  Hydralisk x10  
  142  8:27  Baneling Nest  
  150  8:31  Hydralisk  
  150  8:35  Overseer  
  150  8:36  Hatchery  
  149  8:45  Hydralisk x2  
  149  8:46  Roach x2, Hydralisk  
  159  8:49  Spore Crawler, Hydralisk  
  159  8:50  Hydralisk x2  
  164  9:01  Hydralisk x4  
  172  9:13  Roach x2  
  172  9:15  Overlord  
  176  9:18  Roach x3  
  176  9:22  Roach  
  184  9:30  Roach  
  184  9:32  Overlord  
  184  9:33  Zergling x4  
  184  9:34  Zergling x2  
  184  9:37  Overlord  
Tags
 
Add a new tag
Caveats
  • Supply blocks, unpowered buildings, or Contaminate may cause inaccurate times.
  • Supply counts are checked every 10 seconds.